 Dungeon Crawl Stone Soup version 0.30-a0-937-ga0a21ad780 (webtiles) character file.

Game seed: 15447838734691885502

758 FexLirch the Stinger (level 7, -4/41 HPs)
             Began as an Octopode Venom Mage on Mar 24, 2023.
             Slain by a water moccasin (8 damage)
             ... on level 6 of the Dungeon.
             The game lasted 00:28:00 (5862 turns).

FexLirch the Stinger (Octopode Venom Mage)          Turns: 5862, Time: 00:28:01

Health: -4/41      AC:  1    Str:  7    XL:     7   Next: 80%
Magic:  14/14      EV: 13    Int: 20    God:
Gold:   427        SH:  0    Dex: 12    Spells: 4/15 levels left

rFire   . . .      SeeInvis .    h - +0 dagger (protect)
rCold   . . .      Faith    .    (no shield)
rNeg    . . .      Spirit   .    (helmet restricted)
rPois   .          Reflect  .    (no amulet)
rElec   .          Rampage  .    x - ring of flight
rCorr   .                        (no ring)
Will    .....                    (no ring)
Stlth   +++                      (no ring)
HPRegen 0.26/turn                (no ring)
MPRegen 0.14/turn                (no ring)
                                 (no ring)
                                 (no ring)

@: lethally poisoned (-4 -> -10), flying
A: almost no armour, amphibious, 8 rings, camouflage 1, gelatinous body 1,
(nimble swimmer 1), tentacles
a: no special abilities


You were on level 6 of the Dungeon.
You visited 1 branch of the dungeon, and saw 6 of its levels.

You collected 427 gold pieces.

Inventory:

Hand Weapons
 e - a +0 sling
 f - a +0 dagger
 h - a +0 dagger of protection (weapon)
Missiles
 c - 61 stones
 d - 6 boomerangs (quivered)
 j - 9 poisoned darts
 n - 3 curare-tipped darts
 A - 2 atropa-tipped darts
Magical Staves
 p - a staff of fire
Jewellery
 r - an amulet of guardian spirit
 x - a ring of flight (left tentacle)
Wands
 z - a wand of charming (10)
 C - a wand of polymorph (10)
Scrolls
 g - 2 scrolls of fear
 k - a scroll of butterflies
 l - a scroll of immolation {unknown}
 o - a scroll of enchant weapon {unknown}
 q - a scroll of brand weapon
 t - 2 scrolls of teleportation {unknown}
 w - a scroll of magic mapping {unknown}
 y - a scroll of noise {unknown}
 B - a scroll of amnesia {unknown}
Potions
 a - a potion of magic
 b - a potion of heal wounds {unknown}
 i - a potion of flight {unknown}
 s - a potion of attraction {unknown}
 u - 2 potions of haste {unknown}
 v - a potion of ambrosia


   Skills:
 - Level 2.0 Dodging
 - Level 2.6 Stealth
 + Level 4.8 Spellcasting
 - Level 3.0 Conjurations
 + Level 0.0 Hexes
 - Level 1.0 Transmutations
 - Level 3.0 Air Magic
 + Level 6.9 Poison Magic


You had 4 spell levels left.
You knew the following spells:

 Your Spells              Type           Power      Damage    Failure   Level
a - Sting                 Tmut/Pois      80%        1d7       2%          1
b - Poisonous Vapours     Pois/Air       48%        N/A       2%          2
c - Mephitic Cloud        Conj/Pois/Air  22%        N/A       6%          3
d - Olgreb's Toxic Radia  Pois           32%        N/A       7%          4
e - Slow                  Hex            16%        N/A       12%         1

Your spell library contained the following spells:

 Spells                   Type           Power      Damage    Failure   Level
 Summon Small Mammal      Summ           16%        N/A       12%         1
 Lesser Beckoning         Tloc           8%         N/A       19%         2
 Call Canine Familiar     Summ           4%         N/A       34%         3
 Confusing Touch          Hex            4%         N/A       34%         3
 Gell's Gravitas          Tloc           4%         N/A       34%         3
 Summon Guardian Golem    Hex/Summ       4%         N/A       34%         3
 Teleport Other           Tloc           4%         N/A       34%         3
 Vampiric Draining        Necr           4%         2d6       34%         3


Dungeon Overview and Level Annotations

Branches:
Dungeon (6/15)
 Temple: D:4-7

Altars:
Nemelex Xobeh
Okawaru
The Shining One

Annotations:
D:3 1 runed translucent door, sugarbear's ghost, amateur VSBr
D:5 exclusion: jelly


Innate Abilities, Weirdness & Mutations

You cannot wear most types of armour.
You are amphibious.
You can wear up to eight rings at the same time.
Your skin changes colour to match your surroundings (Stealth+).
Your rubbery body absorbs attacks. (AC +1, EV +1)
((You are camouflaged when in or above water. (Stealth+)))
You have tentacles for arms and can constrict up to eight enemies at once.


Message History

* * * LOW HITPOINT WARNING * * *
You are lethally poisoned!
The water moccasin poisons you!
You are confused.
You feel invigorated.
* * * LOW HITPOINT WARNING * * *
You feel very sick. The water moccasin bites you.
* * * LOW HITPOINT WARNING * * *
Okay, then.
Unknown command.
You are too confused!
Unknown command.
You are too confused!
Unknown command.
Unknown command.
You closely miss the water moccasin. Your squeeze misses the water moccasin.
The water moccasin is lightly wounded.
* * * LOW HITPOINT WARNING * * *
You feel very sick.
The water moccasin completely misses you.
Okay, then.
Unknown command.
Unknown command.
You completely miss the water moccasin.
Your tentacle-slap misses the water moccasin.
Your squeeze misses the water moccasin.
The water moccasin is lightly wounded.
You feel less invigorated.
You feel less confused.
* * * LOW HITPOINT WARNING * * *
You feel sick. The water moccasin bites you.
* * * LOW HITPOINT WARNING * * *
The water moccasin bites you.
* * * LOW HITPOINT WARNING * * *
You closely miss the water moccasin. Your grab misses the water moccasin.
The water moccasin is lightly wounded.
* * * LOW HITPOINT WARNING * * *
You feel sick. The water moccasin bites you!
You die...

...+...#####... #..
............##. #..#
............#..
#..###.##...##....#..
+.....#[.##..#.....#....+..
#.....#..##....._.......#..
#.....#...#..#.....#....#..
#....#...#..##...##....###
#..?.#..S@................
#....#..##........#....^..
#....#..##...##...#.......
#....'..#.........#.......
#....#..#.........#.......
#....#.###..###.###.......
......######..###'#####'#...
......#...#...#.........#...
.?....#...#...#.........#...


You could see a water moccasin.

Vanquished Creatures
  Sigmund (D:5)
  An ogre (D:5)
  2 scorpions (D:5)
  An orc priest (D:4)
  2 hounds
  A sleepcap (D:5)
  2 orc wizards (D:3)
  Robin (D:2)
  3 gnolls (D:2)
  6 adders
  2 shadow imps (D:5)
  An ufetubus (D:5)
  A dart slug (D:3)
  12 orcs
  3 endoplasms
  7 giant cockroaches
  17 goblins
  7 hobgoblins
  4 jackals (D:2)
  8 kobolds
  4 quokkas
  4 ball pythons
  4 bats
  4 frilled lizards
  3 rats
101 creatures vanquished.

Vanquished Creatures (collateral kills)
  An adder (D:5)
1 creature vanquished.

Grand Total: 102 creatures vanquished

Notes
Turn   | Place    | Note
-------+----------+-------------------------------------------
     0 | D:1      | FexLirch the Octopode Venom Mage began the quest for the
                  | Orb.
     0 | D:1      | Reached XP level 1. HP: 11/11 MP: 3/3
   245 | D:1      | Reached XP level 2. HP: 17/17 MP: 3/5
   256 | D:1      | Reached skill level 4 in Poison Magic
   346 | D:1      | Learned a level 2 spell: Poisonous Vapours
  1049 | D:1      | Reached XP level 3. HP: 21/21 MP: 3/6
  1378 | D:2      | Noticed Robin
  1459 | D:2      | Killed Robin
  1662 | D:2      | Reached XP level 4. HP: 27/27 MP: 4/8
  1871 | D:2      | Reached skill level 5 in Poison Magic
  2405 | D:3      | Reached XP level 5. HP: 30/31 MP: 2/10
  2512 | D:3      | Found a glowing golden altar of the Shining One.
  2566 | D:3      | Found a runed translucent door.
  2567 | D:3      | Noticed sugarbear's ghost (amateur VSBr)
  2589 | D:3      | Found a sparkling altar of Nemelex Xobeh.
  2620 | D:3      | Learned a level 3 spell: Mephitic Cloud
  2625 | D:3      | Learned a level 4 spell: Olgreb's Toxic Radiance
  3701 | D:4      | Reached skill level 1 in Conjurations
  3768 | D:4      | Noticed a phantom
  3774 | D:4      | Reached skill level 1 in Air Magic
  3783 | D:4      | Reached XP level 6. HP: 20/36 MP: 7/12
  3943 | D:4      | Reached skill level 6 in Poison Magic
  4410 | D:5      | Entered Level 5 of the Dungeon
  4936 | D:5      | Noticed Sigmund
  5133 | D:5      | Reached XP level 7. HP: 41/41 MP: 7/13
  5232 | D:5      | Killed Sigmund
  5662 | D:6      | Found an iron altar of Okawaru.
  5700 | D:6      | Learned a level 1 spell: Slow
  5862 | D:6      | Slain by a water moccasin

Illustrated notes

Levels and vault maps discovered:
D:1:      elethiomel_arrival_maze, layout_basic, minmay_misc_feat_roman
D:2:      layout_loops_corners, uniq_robin
D:3:      layout_basic, jmf_multi_god_temple, hellmonk_ghost_happy_afterlife
D:4:      layout_loops_cross
D:5:      layout_loops_ring, grunt_ministairs_4, uniq_sigmund
D:6:      layout_gridville, okawaru_gym_becter

Skill      XL: |  1  2  3  4  5  6  7 |
---------------+----------------------+-----
Poison Magic   | 4 5 6 |  6.9
Spellcasting   | 3 4 |  4.8
Conjurations   | 1 2 3 |  3.0
Air Magic      | 1 2 3 |  3.0
Dodging        | |  2.0
Stealth        | |  2.6
Transmutations | |  1.0

Action                     |  1- 3 |  4- 6 |  7- 9 || total
---------------------------+-------+-------+-------++-------
  Melee: Dagger            |    14 |    87 |    13 ||   114
         Constrict         |     5 |    23 |     2 ||    30
         Tentacles         |     4 |    21 |     2 ||    27
         Unarmed           |     2 |       |       ||     2
         Punch             |       |     1 |       ||     1
   Fire: Sling             |    21 |       |       ||    21
  Throw: Boomerang         |       |     4 |       ||     4
   Cast: Sting             |    33 |    51 |    12 ||    96
         Poisonous Vapours |     9 |    26 |     2 ||    37
         Olgreb's Toxic Ra |       |     2 |     1 ||     3
         Mephitic Cloud    |       |     3 |     3 ||     6
         Slow              |       |       |     2 ||     2
  Evoke: Wand              |       |       |     1 ||     1
    Use: Scroll            |       |     4 |     1 ||     5
         Potion            |       |       |     3 ||     3
   Stab: Sleeping          |       |     6 |       ||     6
 Armour: Skin              |     3 |    15 |     2 ||    20
  Dodge: Dodged            |    16 |    50 |    11 ||    77

Table legend: (Time is in decaauts)
 A = Elapsed time spent in this place.
 B = Non-inter-level travel time spent in this place.
 C = Inter-level travel time spent in this place.
 D = Time resting spent in this place.
 E = Time spent auto-exploring this place.
 F = Levels seen in this place.
 G = Mean time per level.
                   A        B        C        D        E       F      G
               +--------+--------+--------+--------+--------+-----+--------+
         Total |   5869 |   5542 |    327 |    761 |   2597 |   6 |  978.2 |
       Dungeon |   5869 |   5542 |    327 |    761 |   2597 |   6 |  978.2 |
               +--------+--------+--------+--------+--------+-----+--------+

Top non-repeatable levels by time:
     D:3: 1394 daAuts
     D:2: 1242 daAuts
     D:1: 1139 daAuts
     D:5: 1056 daAuts
     D:4: 772 daAuts
     D:6: 263 daAuts
